 Dungeon Crawl Stone Soup version 0.22-a0-159-g7ce444f (webtiles) character file.

212 mhoghedin the Chiller (level 5, -3/38 HPs)
             Began as a Draconian Ice Elementalist on Feb 9, 2018.
             Slain by Duvessa
             ... wielding a +0 short sword
              (9 damage)
             ... on level 3 of the Dungeon.
             The game lasted 00:10:30 (2846 turns).

mhoghedin the Chiller (Draconian Ice Elementalist)  Turns: 2846, Time: 00:10:30

Health: -3/38      AC: 10    Str:  9 (10) XL:     5   Next: 58%
Magic:  10/10      EV: 17    Int: 16      God:
Gold:   123        SH:  3    Dex: 17      Spells: 5/11 levels left

rFire    + . .     SeeInvis .   e - +0 dagger (venom)
rCold    + . .     Gourm    .   (no shield)
rNeg     . . .     Faith    .   (armour unavailable)
rPois    +         Spirit   .   (helmet restricted)
rElec    +         Reflect  +   (no cloak)
rCorr    +         Harm     .   (no gloves)
MR       .....                  (no boots)
Stlth    ++++......             f - +3 amulet of reflection
HPRegen  0.12/turn              r - ring of stealth {Stlth+}
MPRegen  0.12/turn              (no ring)

@: agile, icy armour, resistant, very slightly contaminated, slow
A: unfitting armour, cold-blooded, AC +5
a: no special abilities


You were on level 3 of the Dungeon.
You were hungry.

You visited 1 branch of the dungeon, and saw 4 of its levels.

You collected 123 gold pieces.

Inventory:

Hand Weapons
 e - a +0 dagger of venom (weapon)
   (You took it off an orc wizard on level 2 of the Dungeon)
 g - a +0 whip
   (You found it on level 1 of the Dungeon)
 k - a +4 dagger of pain
   (You took it off a goblin on level 2 of the Dungeon)
Magical Staves
 h - an uncursed staff of poison {rPois}
   (You found it on level 2 of the Dungeon)
Jewellery
 f - a +3 amulet of reflection (around neck)
   (You found it on level 3 of the Dungeon)
 p - an uncursed amulet of the acrobat {unknown}
   (You found it on level 3 of the Dungeon)
 r - a ring of stealth (left hand) {Stlth+}
   (You found it on level 3 of the Dungeon)
Wands
 c - a wand of disintegration (18)
   (You found it on level 2 of the Dungeon)
Scrolls
 j - 3 scrolls of identify
 n - a scroll of enchant armour
Books
 a - a book of Frost
Comestibles
 b - 2 rations


   Skills:
 - Level 1.7 Dodging
 - Level 1.7 Stealth
 + Level 3.6 Spellcasting
 + Level 2.8 Conjurations
 + Level 4.5 Ice Magic


You had 5 spell levels left.
You knew the following spells:

 Your Spells              Type           Power        Failure   Level  Hunger
a - Freeze                Ice            ###.         2%          1    None
x - Throw Frost           Conj/Ice       ##....       6%          2    ##.....
A - Ozocubu's Armour      Chrm/Ice       ##......     21%         3    ###....


Dungeon Overview and Level Annotations

Branches:
Dungeon (4/15)
 Temple: D:4-7

Altars:
Uskayaw
The Shining One

Annotations:
D:3 Duvessa


Innate Abilities, Weirdness & Mutations

Your plain brown scales are hard. (AC +5)
You cannot fit into any form of body armour.
You are cold-blooded and may be slowed by cold attacks.


Message History

Dowan shouts!
Dowan is blasted.
You hear a shout!
Aim: Dowan, wielding a dagger and wearing a robe (heavily wounded)
You freeze Dowan.
You now have 9/10 mp.
You miscast Ozocubu's Armour.
You are very lightly contaminated with residual magic.
Nothing appears to happen.
You now have 6/10 mp.
Unknown command.
A film of ice covers your body! Duvessa closely misses you.
Dowan closely misses you.
An orc comes into view. It is wielding a trident.
You now have 3/10 mp.
Unknown command.
Unknown command.
Aim: Dowan, wielding a dagger and wearing a robe (severely wounded)
You freeze Dowan. Duvessa hits you but does no damage. Dowan barely misses you.
The orc barely misses you.
You now have 2/10 mp.
Aim: Dowan, wielding a dagger and wearing a robe (severely wounded)
You freeze Dowan. Duvessa closely misses you.
Dowan hits you but does no damage. The orc hits you but does no damage.
You now have 1/10 mp.
Aim: Dowan, wielding a dagger and wearing a robe (almost dead)
You freeze Dowan.
You kill Dowan!
Duvessa screams, "No!
How DARE you!"
Duvessa goes berserk!
Duvessa hits you with a short sword.
The orc hits you from afar with a trident!
Duvessa hits you with a short sword.
You take 14 damage, and have 18/38 hp.
MASSIVE DAMAGE!!
You now have 0/10 mp.
Okay, then.
Unknown command.
As you read the scroll labeled DEPRUE LUDO, it crumbles to dust.
The creatures around you are filled with an inner flame!
It was a scroll of immolation.
Duvessa closely misses you. The orc barely misses you.
Okay, then.
Unknown command.
It was a potion of curing.
You feel better. You block Duvessa's attack. The orc closely misses you.
Duvessa hits you with a short sword!
It was a potion of ambrosia.
You are confused.
You feel invigorated. Duvessa hits you but does no damage.
You regained 3 hp, and now have 22/38 hp.
You regained 3 mp, and now have 4/10 mp.
Unknown command.
Unknown command.
Unknown command.
Duvessa hits you with a short sword. The orc barely misses you.
Duvessa closely misses you.
You regained 2 hp, and now have 24/38 hp.
You regained 5 mp, and now have 9/10 mp.
The orc hits you from afar with a trident!
Duvessa hits you with a short sword.
You take 8 damage, and have 16/38 hp.
MASSIVE DAMAGE!!
MP restored: 10 Duvessa closely misses you.
The orc closely misses you. Duvessa barely misses you.
You regained 5 hp, and now have 21/38 hp.
The orc hits you but does no damage. Duvessa hits you with a short sword!
* * * LOW HITPOINT WARNING * * *
You take 13 damage, and have 8/38 hp.
MASSIVE DAMAGE!!
Unknown command.
Duvessa hits you with a short sword.
* * * LOW HITPOINT WARNING * * *
The orc barely misses you. Duvessa misses you.
You feel less invigorated.
You feel less confused. Duvessa hits you but does no damage.
The orc barely misses you.
You regained 4 hp, and now have 12/38 hp.
It was a potion of resistance.
You feel protected. Duvessa hits you but does no damage.
The orc hits you from afar with a trident!
* * * LOW HITPOINT WARNING * * *
Duvessa barely misses you.
You take 7 damage, and have 5/38 hp.
It was a potion of agility.
You feel agile all of a sudden. Duvessa hits you but does no damage.
You block the orc's attack. You block Duvessa's attack.
The orc completely misses you. You block Duvessa's attack.
You climb upwards.
There is a stone staircase leading down here.
Okay, then.
Unknown command.
Okay, then.
Unknown command.
Duvessa misses you. Duvessa barely misses you.
Duvessa hits you with a short sword!
You die...

#.# ##.#.......##..##.......
#.#
######......รท...##.....#####.
#.###...............##.####*
#. #.....[..#...##>...###.# ##
#...>....##.###....###.#### #
#........##.# ##..........##
#...........#
#...........######
##.......####
#e#.#.#.##........ #.......#
#@#.#.......###### #.......#
#.####.###..###### ####.####
#.###...###....... #.#
#.##...#.P######## #.#
#.##.....P#******* #.#
#.##.P.#..#,,,,,,, #.######
#.##.....##******* #.##...#
#.####.###*,,,,,,, #......#
#.###### ********


You could see Duvessa (berserk).

Vanquished Creatures
  Dowan (D:4)
  An orc wizard (D:2)
  A worker ant (D:3)
  4 adders
  2 worms
  A dart slug (D:1)
  4 leopard geckos
  5 orcs
  3 ball pythons (D:3)
  2 giant cockroaches (D:2)
  5 goblins
  7 hobgoblins
  4 jackals (D:1)
  A quokka (D:3)
  3 bats
  5 frilled lizards
  3 kobolds (D:2)
  8 rats
60 creatures vanquished.

Notes
Turn   | Place    | Note
-------+----------+-------------------------------------------
     0 | D:1      | mhoghedin the Draconian Ice Elementalist began the quest for the Orb.
     0 | D:1      | Reached XP level 1. HP: 14/14 MP: 3/3
   402 | D:1      | Reached XP level 2. HP: 20/20 MP: 1/5
   471 | D:1      | Learned a level 2 spell: Throw Frost
   965 | D:2      | Found a faded altar of an unknown god.
   991 | D:2      | Became a worshipper of Uskayaw the Reveler
   991 | D:2      | Reached * piety under Uskayaw
  1033 | D:2      | Fell from the grace of Uskayaw
  1093 | D:2      | Reached XP level 3. HP: 26/26 MP: 1/6
  1535 | D:2      | Found a glowing golden altar of the Shining One.
  1648 | D:3      | HP: 6/26 [orc wizard/dagger of venom (4)]
  1672 | D:2      | Reached skill level 3 in Spellcasting
  1672 | D:2      | Reached skill level 2 in Conjurations
  1672 | D:2      | Reached skill level 4 in Ice Magic
  1672 | D:2      | Reached XP level 4. HP: 15/33 MP: 0/8
  1956 | D:3      | HP: 8/33 [wyvern zombie (12)]
  1957 | D:3      | HP: 3/33 [wyvern zombie (4)]
  2084 | D:2      | Learned a level 3 spell: Ozocubu's Armour
  2534 | D:3      | Reached XP level 5. HP: 35/38 MP: 5/9
  2821 | D:4      | Noticed Duvessa
  2821 | D:4      | Noticed Dowan
  2828 | D:4      | Killed Dowan
  2835 | D:4      | HP: 8/38 [Duvessa/short sword (16)]
  2846 | D:3      | Slain by Duvessa

Vault maps used:
D:1:      scummos_arrival_hexagon
D:2:      tso_altar, chequers_ecumenical_altar_simple_redux, lemuel_old_faithful
D:3:      minmay_shallow_snake_nest
D:4:      serial_shops, nicolae_shop_waterfront, minmay_misc_feat_doors,
          uniq_robin, uniq_edmund, uniq_duvessa

Skill      XL: |  1  2  3 |
---------------+----------+-----
Spellcasting   | 3 |  3.6
Conjurations   | 2 |  2.8
Ice Magic      | 4 |  4.5
Dodging        | |  1.7
Stealth        | |  1.7

Action                   |  1- 3 |  4- 6 || total
-------------------------+-------+-------++-------
Melee: Unarmed           |     3 |       ||     3
       Tailslap          |     5 |     3 ||     8
       Whip              |    36 |     3 ||    39
       Staff             |     1 |       ||     1
       Dagger            |       |    31 ||    31
 Cast: Freeze            |    56 |    23 ||    79
       Throw Frost       |     7 |       ||     7
       Ozocubu's Armour  |       |     1 ||     1
Invok: Renounce Religion |     1 |       ||     1
Evoke: Wand              |       |     1 ||     1
  Use: Potion            |     4 |     5 ||     9
       Scroll            |       |     5 ||     5
  Eat: Chunk             |     3 |       ||     3
       Ration            |       |     1 ||     1
Armor: Skin              |    49 |    32 ||    81
Dodge: Dodged            |    61 |    76 ||   137
Block: Other             |       |    12 ||    12

Table legend:
 A = Spawn XP
 B = Non-spawn XP
 C = Spawn XP percentage of total XP
 D = Spawn monster count
 E = Non-spawn monster count
 F = Spawn count percentage of total count
 G = Total turns spent on level
                    A         B        C        D         E        F      G
               +---------+---------+-------+---------+---------+-------+---------
         Total |       0 |     304 |   0.0 |       0 |      60 |   0.0 |  2846
               +---------+---------+-------+---------+---------+-------+---------
           D:1 |       0 |      32 |   0.0 |       0 |      18 |   0.0 |   965
           D:2 |       0 |     111 |   0.0 |       0 |      23 |   0.0 |  1048
           D:3 |       0 |      92 |   0.0 |       0 |      18 |   0.0 |   797
           D:4 |       0 |      69 |   0.0 |       0 |       1 |   0.0 |    36
               +---------+---------+-------+---------+---------+-------+---------

Vault maps used:
D:1:      scummos_arrival_hexagon
D:2:      tso_altar, chequers_ecumenical_altar_simple_redux, lemuel_old_faithful
D:3:      minmay_shallow_snake_nest
D:4:      serial_shops, nicolae_shop_waterfront, minmay_misc_feat_doors,
          uniq_robin, uniq_edmund, uniq_duvessa

Table legend:
 A = Turns spent in this place as a percentage of turns spent in the entire game.
 B = Non-inter-level travel turns spent in this place as a percentage of non-inter-level travel turns spent in the entire game.
 C = Inter-level travel turns spent in this place as a percentage of turns spent in this place.
 D = Turns resting spent in this place as a percentage of non-inter-level travel turns spent in this place.
 E = Turns spent auto-exploring this place as a percentage of non-inter-level travel turns spent in this place.
 F = Non-inter-level travel turns spent in this place divided by the number of levels of this place that you've seen.
                   A       B       C       D       E      F
               +-------+-------+-------+-------+-------+----------------------
         Total | 100.0 | 100.0 |   2.8 |  46.9 |  26.5 | 691.5
       Dungeon | 100.0 | 100.0 |   2.8 |  46.9 |  26.5 | 691.5
               +-------+-------+-------+-------+-------+----------------------

Table legend:
 A = Kills in this place as a percentage of kills in entire the game.
 B = Kills by you in this place as a percentage of kills by you in the entire game.
 C = Kills by friends in this place as a percentage of kills by friends in the entire game.
 D = Other kills in this place as a percentage of other kills in the entire game.
 E = Experience gained in this place as a percentage of experience gained in the entire game.
 F = Experience gained in this place divided by the number of levels of this place that you have seen.
                   A       B       C       D       E      F
               +-------+-------+-------+-------+-------+----------------------
         Total | 100.0 | 100.0 |   N/A |   N/A | 100.0 |  76.0
       Dungeon | 100.0 | 100.0 |   N/A |   N/A | 100.0 |  76.0
               +-------+-------+-------+-------+-------+----------------------
